 Dungeon Crawl Stone Soup version 0.30-a0-782-ge64f9170bb (webtiles) character file.

Game seed: 1104750197156448369

13 KleinerIrrer the Trooper (level 2, 0/24 HPs)
             Began as a Demonspawn Chaos Knight on Feb 19, 2023.
             Was a Plaything of Xom.
             Succumbed to an adder's poison
             ... on level 2 of the Dungeon.
             The game lasted 00:01:04 (816 turns).

KleinerIrrer the Trooper (Demonspawn Chaos Knight)   Turns: 816, Time: 00:01:04

Health: 0/24       AC:  5    Str: 11    XL:     2   Next: 24%
Magic:  2/2        EV: 11    Int: 17    God:    Xom [...*..]
Gold:   30         SH:  0    Dex: 11    Spells: 1/1 levels left

rFire   . . .      SeeInvis .    a - +0 falchion (chaos)
rCold   . . .      Faith    .    (no shield)
rNeg    . . .      Spirit   .    b - +2 leather armour
rPois   .          Reflect  .    (no helmet)
rElec   .          Harm     .    (no cloak)
rCorr   .          Rampage  .    (no gloves)
Will    .....                    (no boots)
Stlth   +                        (no amulet)
HPRegen 0.24/turn                (no ring)
MPRegen 0.08/turn                (no ring)

@: lethally poisoned (0 -> -14)
A: hooves 1, clever 1
a: Renounce Religion


You were on level 2 of the Dungeon.
You worshipped Xom.
You were a favourite toy of Xom.
You visited 1 branch of the dungeon, and saw 2 of its levels.

You collected 30 gold pieces.

Inventory:

Hand Weapons
 a - a +0 falchion of chaos (weapon)
Armour
 b - a +2 leather armour (worn)
Scrolls
 d - a scroll of enchant weapon {unknown}
 e - 2 scrolls of immolation {unknown}
Potions
 f - a potion of mutation
 g - a potion of ambrosia {unknown}
Miscellaneous
 c - a piece from Xom's chessboard (15/15) (quivered)


   Skills:
 + Level 3.2 Fighting
 - Level 2.6 Long Blades
 + Level 2.1 Armour
 + Level 1.3 Dodging


You had one spell level left.
You didn't know any spells.
Your spell library contained the following spells:

 Spells                   Type           Power      Damage    Failure   Level
 Static Discharge         Conj/Air       0%         2-2/arc   43%         2
 Vhi's Electric Charge    Tloc/Air       0%         N/A       67%         3
 Arcjolt                  Conj/Air       0%         1d10      100%        5
 Lightning Bolt           Conj/Air       0%         1d11      100%        5


Dungeon Overview and Level Annotations

Branches:
Dungeon (2/15)

Altars:


Innate Abilities, Weirdness & Mutations

You have large cloven feet.
Your mind is acute. (Int +4, Str/Dex -1)


Message History

There is a stone staircase leading up here.
There are monsters nearby!
You hit the giant cockroach.
You kill the giant cockroach!
You closely miss the adder. Your kick misses the adder. The adder bites you.
You are poisoned.
The adder poisons you! The rat closely misses you.
You closely miss the adder. Your kick misses the adder.
You feel sick. The adder bites you. The rat closely misses you.
The adder bites you but does no damage.
You barely miss the adder.
You feel sick. The rat barely misses you.
The adder bites you but does no damage.
You hit the adder.
The adder is moderately wounded.
You feel sick. The adder misses you. The rat barely misses you.
The adder bites you. The rat bites you but does no damage.
You hit the adder. You kick the adder, but do no damage.
The adder is heavily wounded.
You feel sick. The adder bites you.
You are more poisoned.
The adder poisons you! The rat barely misses you. The adder bites you.
You are lethally poisoned!
The adder poisons you!
You barely miss the adder.
The adder is heavily wounded.
* * * LOW HITPOINT WARNING * * *
You feel very sick. The adder bites you.
* * * LOW HITPOINT WARNING * * *
You are more poisoned.
The adder poisons you! The rat bites you but does no damage.
It was a potion of mutation.
You feel extremely strange.
Your body's shape seems more normal.
A pair of horns grows on your head!
Xom is interested.
You feel clever.
Xom is interested.
The horns on your head shrink away.
Xom is highly amused!
You die...
Xom chortles!

# #. #.#
..# #.##
#@#
#Sr......
#r..##.#.
#....#
.......
#.#.....
#........
###......


You could see an adder and 2 rats.

Vanquished Creatures
  A dart slug (D:1)
  A bat (D:1)
  2 giant cockroaches
  2 goblins (D:1)
  A hobgoblin (D:1)
  2 frilled lizards (D:1)
  A kobold (D:1)
10 creatures vanquished.

Notes
Turn   | Place    | Note
-------+----------+-------------------------------------------
     0 | D:1      | KleinerIrrer the Demonspawn Chaos Knight began the quest
                  | for the Orb.
     0 | D:1      | Reached XP level 1. HP: 18/18 MP: 1/1
    45 | D:1      | XOM: silly message
    60 | D:1      | Reached skill level 1 in Dodging
    94 | D:1      | Found a faded altar of an unknown god.
   385 | D:1      | Gained mutation: You have large cloven feet. [demonic
                  | ancestry]
   385 | D:1      | Reached XP level 2. HP: 24/24 MP: 2/2
   405 | D:1      | XOM: give mutation
   405 | D:1      | Gained mutation: Armour fits poorly on your strangely
                  | shaped body. [Xom's mischief]
   694 | D:1      | XOM: noise
   816 | D:2      | Lost mutation: Armour fits poorly on your strangely shaped
                  | body. [potion of mutation]
   816 | D:2      | Gained mutation: You have a pair of small horns on your
                  | head. [potion of mutation]
   816 | D:2      | Gained mutation: Your mind is acute. (Int +4, Str/Dex -1)
                  | [potion of mutation]
   816 | D:2      | Lost mutation: You have a pair of small horns on your head.
                  | [potion of mutation]
   816 | D:2      | Succumbed to an adder's poison

Illustrated notes

Levels and vault maps discovered:
D:1:      dpeg_arrival_fog, layout_loops_ring,
          hellmonk_ecumenical_altar_inner_sanctum,
          chequers_serial_rivers_small_a, minmay_strange_pillars
D:2:      layout_loops_cross

Skill      XL: |  1 |
---------------+----+-----
Dodging        | 1 |  1.3
Armour         | 2 |  2.1
Fighting       | |  3.2
Long Blades    | |  2.6

Action                     || total
---------------------------++-------
  Melee: Falchion          ||    23
         Kick              ||     1
    Use: Potion            ||     1
 Armour: Leather armour    ||    10
  Dodge: Dodged            ||    14

Table legend: (Time is in decaauts)
 A = Elapsed time spent in this place.
 B = Non-inter-level travel time spent in this place.
 C = Inter-level travel time spent in this place.
 D = Time resting spent in this place.
 E = Time spent auto-exploring this place.
 F = Levels seen in this place.
 G = Mean time per level.
                   A        B        C        D        E       F      G
               +--------+--------+--------+--------+--------+-----+--------+
         Total |    821 |    711 |    110 |      0 |    622 |   2 |  410.5 |
       Dungeon |    821 |    711 |    110 |      0 |    622 |   2 |  410.5 |
               +--------+--------+--------+--------+--------+-----+--------+

Top non-repeatable levels by time:
     D:1: 810 daAuts
     D:2: 11 daAuts
